PL
RICHARDSON CITY THUNDERCATS @ PHOENIX HOTSPUR
08/04/2022
 
TOP OF THE 1ST
Richardson City Thundercats batting - Pitching for Phoenix Hotspur : RHP Scott William
Pitching: RHP Scott William
Batting: RHB Chriss Mann 0-0: Ball
1-0: Called Strike
1-1: Ball
2-1: Foul Ball, location: 2F
2-2: Ball
3-2: Base on Balls
Batting: SHB Leonard O'Connor 0-0: Ball
1-0: Ball
Chriss Mann steals 2nd base
2-0: SINGLE (Groundball, 34)
Chriss Mann to third
Batting: RHB Juan Cabrera 0-0: Ball
1-0: Called Strike
1-1: Foul Ball, location: 2F
1-2: Fly out, F8 (Flyball, 8LM)
Runner from 3rd tags up, SCORES, no throw
Batting: RHB Joey Jones 0-0: Ball
1-0: Fly out, F8 (Flyball, 8LXD)
Batting: RHB Nate Cates 0-0: Ball
1-0: Ball
2-0: Called Strike
2-1: Foul Ball, location: 2F
2-2: Ball
3-2: Ground out 1-3 (Groundball, 13)
Top of the 1st over - 1 run(s), 1 hit(s), 0 error(s), 1 left on base; Richardson City 1 - Phoenix 0
BOTTOM OF THE 1ST
Phoenix Hotspur batting - Pitching for Richardson City Thundercats : RHP Ryan Davis
Pitching: RHP Ryan Davis
Batting: RHB John Moore 0-0: Ball
1-0: Ground out 6-3 (Groundball, 6M)
Batting: RHB Raúl González 0-0: Called Strike
0-1: Ball
1-1: Foul Ball, location: 2F
1-2: Ball
2-2: Foul Ball, location: 2F
2-2: Foul Ball, location: 2F
2-2: Ground out 5-3 (Groundball, 5)
Batting: RHB Pedro Torrez 0-0: Ball
1-0: Ball
2-0: Ball
3-0: Base on Balls
Batting: LHB Ken Norman 0-0: 2-RUN HOME RUN (Flyball, 9LD), Distance : 360 ft
Batting: SHB Dave Orchard 0-0: SINGLE (Groundball, 6MD) (infield hit)
Batting: RHB Keith Burnett 0-0: Fly out, F2 (Popup, 23F)
Bottom of the 1st over - 2 run(s), 2 hit(s), 0 error(s), 1 left on base; Richardson City 1 - Phoenix 2
TOP OF THE 2ND
Richardson City Thundercats batting - Pitching for Phoenix Hotspur : RHP Scott William
Batting: RHB Alden Wiley 0-0: Ball
1-0: Swinging Strike
1-1: Swinging Strike
1-2: Fly out, F8 (Line Drive, 8LM)
Batting: RHB Steve Dunn 0-0: Called Strike
0-1: Swinging Strike
0-2: Foul Ball, location: 2F
0-2: Strikes out swinging
Batting: LHB Sébastien Rolland 0-0: Ball
1-0: Ground out 4-3 (Groundball, 34)
Top of the 2nd over - 0 run(s), 0 hit(s), 0 error(s), 0 left on base; Richardson City 1 - Phoenix 2
BOTTOM OF THE 2ND
Phoenix Hotspur batting - Pitching for Richardson City Thundercats : RHP Ryan Davis
Batting: LHB Clark Espinosa 0-0: Called Strike
0-1: Called Strike
0-2: Ball
1-2: Ball
2-2: Ball
3-2: Base on Balls
Batting: RHB Juan Aguirre 0-0: Ball
1-0: Ball
2-0: Foul Ball, location: 2F
2-1: Fly out, F6 (Line Drive, 6)
Batting: RHB Chet Nix 0-0: Called Strike
0-1: Ball
1-1: SINGLE (Line Drive, 7S)
Clark Espinosa to second
Batting: RHB John Moore 0-0: SINGLE (Groundball, 25) (infield hit)
Clark Espinosa to third
Chet Nix to second
Batting: RHB Raúl González 0-0: Fly out, F7 (Flyball, 7M)
Runner from 3rd tags up, SCORES, no throw
Batting: RHB Pedro Torrez 0-0: Ball
1-0: Ball
2-0: Called Strike
2-1: Ball
3-1: Base on Balls
Chet Nix to third
John Moore to second
Batting: LHB Ken Norman 0-0: Ball
1-0: Ball
2-0: Ball
3-0: Called Strike
3-1: Ground out 1-3 (Groundball, 25)
Bottom of the 2nd over - 1 run(s), 2 hit(s), 0 error(s), 3 left on base; Richardson City 1 - Phoenix 3
TOP OF THE 3RD
Richardson City Thundercats batting - Pitching for Phoenix Hotspur : RHP Scott William
Batting: RHB Andrew Weeks 0-0: Called Strike
0-1: Ball
1-1: Called Strike
1-2: Foul Ball, location: 2F
1-2: Ball
2-2: Foul Ball, location: 2F
2-2: Ball
3-2: Base on Balls
Batting: RHB Chriss Mann 0-0: Called Strike
0-1: Called Strike
0-2: Ball
1-2: Foul Ball, location: 2F
1-2: Foul Ball, location: 2F
1-2: Fly out, F5 (Popup, 5SF)
Batting: SHB Leonard O'Connor 0-0: Called Strike
0-1: Swinging Strike
0-2: Foul Ball, location: 2F
0-2: Strikes out swinging
Batting: RHB Juan Cabrera 0-0: Ball
1-0: TRIPLE (Flyball, 8RM)
Andrew Weeks scores
Pinch Runner at 3rd Luis Rodríguez:
Batting: RHB Joey Jones 0-0: Ball
1-0: Ground out U3 (Groundball, 3)
Top of the 3rd over - 1 run(s), 1 hit(s), 0 error(s), 1 left on base; Richardson City 2 - Phoenix 3
BOTTOM OF THE 3RD
Phoenix Hotspur batting - Pitching for Richardson City Thundercats : RHP Ryan Davis
Now at SS: Luis Rodríguez
Batting: SHB Dave Orchard 0-0: Called Strike
0-1: Called Strike
0-2: Ball
1-2: Foul Ball, location: 2F
1-2: Ball
2-2: Foul Ball, location: 2F
2-2: Ball
Reached via error on a dropped throw, E1
Batting: RHB Keith Burnett 0-0: Ground out 5-3 (Groundball, 5S)
Dave Orchard to second
Batting: LHB Clark Espinosa 0-0: Called Strike
0-1: Called Strike
0-2: Strikes out swinging
Batting: RHB Juan Aguirre 0-0: SINGLE (Groundball, 4MD)
Dave Orchard to third
Runner from 3rd tries for Home, SAFE, no throw or cutoff
Batting: RHB Chet Nix 0-0: Ball
1-0: Called Strike
1-1: Swinging Strike
1-2: Ball
2-2: Ball
3-2: Foul Ball, location: 2F
3-2: Foul Ball, location: 2F
3-2: Strikes out swinging
Bottom of the 3rd over - 1 run(s), 1 hit(s), 1 error(s), 1 left on base; Richardson City 2 - Phoenix 4
TOP OF THE 4TH
Richardson City Thundercats batting - Pitching for Phoenix Hotspur : RHP Scott William
Batting: RHB Nate Cates 0-0: Called Strike
0-1: Ground out 4-3 (Groundball, 4)
Batting: RHB Alden Wiley 0-0: Ball
1-0: Swinging Strike
1-1: Ball
2-1: Ball
3-1: Called Strike
3-2: Fly out, F7 (Flyball, 78M)
Batting: RHB Steve Dunn 0-0: Ball
1-0: Ball
2-0: Called Strike
2-1: SINGLE (Flyball, 9S)
Batting: LHB Sébastien Rolland 0-0: Ball
1-0: Ball
2-0: Ball
3-0: Foul Ball, location: 2F
3-1: DOUBLE (Flyball, 9D)
Steve Dunn to third
Runner from 3rd tries for Home, SAFE, throw made home
Pitching: RHP Feliks Mleczko
Batting: RHB Andrew Weeks 0-0: Called Strike
0-1: Foul Ball, location: 2F
0-2: Foul Ball, location: 2F
0-2: Ground out 5-3 (Groundball, 5S)
Top of the 4th over - 1 run(s), 2 hit(s), 0 error(s), 1 left on base; Richardson City 3 - Phoenix 4
BOTTOM OF THE 4TH
Phoenix Hotspur batting - Pitching for Richardson City Thundercats : RHP Ryan Davis
Batting: RHB John Moore 0-0: Called Strike
0-1: Ball
1-1: Called Strike
1-2: TRIPLE (Flyball, 9LS)
Batting: RHB Raúl González 0-0: Ball
1-0: Fly out, F4 (Popup, 3D)
Batting: RHB Pedro Torrez 0-0: Called Strike
0-1: Ball
1-1: Fly out, F8 (Line Drive, 8LM)
Runner from 3rd tags up, SCORES, no throw
Batting: LHB Ken Norman 0-0: Foul Ball, location: 2F
0-1: Ball
1-1: Ball
2-1: Foul Ball, location: 2F
2-2: SINGLE (Groundball, 4MD)
Pitching: RHP Josef van der Poel
Batting: SHB Dave Orchard 0-0: Ground out 3-1 (Groundball, 3)
Bottom of the 4th over - 1 run(s), 2 hit(s), 0 error(s), 1 left on base; Richardson City 3 - Phoenix 5
TOP OF THE 5TH
Richardson City Thundercats batting - Pitching for Phoenix Hotspur : RHP Feliks Mleczko
Batting: RHB Chriss Mann 0-0: Ball
1-0: Called Strike
1-1: Swinging Strike
1-2: Ball
2-2: Ball
3-2: Strikes out swinging
Batting: SHB Leonard O'Connor 0-0: Foul Ball, location: 2F
0-1: Called Strike
0-2: Strikes out swinging
Batting: LHB Luis Rodríguez 0-0: Called Strike
0-1: Swinging Strike
0-2: Ball
1-2: Ball
2-2: DOUBLE (Line Drive, 8LXD)
Batting: RHB Joey Jones 0-0: Swinging Strike
0-1: Called Strike
0-2: Ground out 4-3 (Groundball, 4)
Top of the 5th over - 0 run(s), 1 hit(s), 0 error(s), 1 left on base; Richardson City 3 - Phoenix 5
BOTTOM OF THE 5TH
Phoenix Hotspur batting - Pitching for Richardson City Thundercats : RHP Josef van der Poel
Batting: RHB Keith Burnett 0-0: Called Strike
0-1: Ground out 1-3 (Groundball, 34S)
Batting: LHB Clark Espinosa 0-0: Foul Ball, location: 2F
0-1: Ball
1-1: Swinging Strike
1-2: Strikes out swinging
Batting: RHB Juan Aguirre 0-0: Ball
1-0: Called Strike
1-1: Ground out 4-3 (Groundball, 4)
Bottom of the 5th over - 0 run(s), 0 hit(s), 0 error(s), 0 left on base; Richardson City 3 - Phoenix 5
TOP OF THE 6TH
Richardson City Thundercats batting - Pitching for Phoenix Hotspur : RHP Feliks Mleczko
Batting: RHB Nate Cates 0-0: Ball
1-0: Fly out, F3 (Line Drive, 3)
Batting: RHB Alden Wiley 0-0: Ball
1-0: Swinging Strike
1-1: Foul Ball, location: 2F
1-2: Ball
2-2: Foul Ball, location: 2F
2-2: Fly out, F6 (Popup, 6MD)
Batting: RHB Steve Dunn 0-0: SINGLE (Line Drive, 89S)
Pitching: RHP Craig Moody
Batting: LHB Sébastien Rolland 0-0: Ground out 4-3 (Groundball, 34)
Top of the 6th over - 0 run(s), 1 hit(s), 0 error(s), 1 left on base; Richardson City 3 - Phoenix 5
BOTTOM OF THE 6TH
Phoenix Hotspur batting - Pitching for Richardson City Thundercats : RHP Josef van der Poel
Batting: RHB Chet Nix 0-0: Ball
1-0: Ground out 6-3 (Groundball, 6)
Batting: RHB John Moore 0-0: Called Strike
0-1: Swinging Strike
0-2: Ground out 4-3 (Groundball, 4M)
Batting: RHB Raúl González 0-0: Ball
1-0: SINGLE (Groundball, 5D)
Batting: RHB Pedro Torrez 0-0: Called Strike
0-1: Foul Ball, location: 2F
0-2: Ball
1-2: Strikes out swinging
Bottom of the 6th over - 0 run(s), 1 hit(s), 0 error(s), 1 left on base; Richardson City 3 - Phoenix 5
TOP OF THE 7TH
Richardson City Thundercats batting - Pitching for Phoenix Hotspur : RHP Craig Moody
Batting: RHB Andrew Weeks 0-0: Called Strike
0-1: Ball
1-1: Ground out 4-3 (Groundball, 4)
Batting: RHB Chriss Mann 0-0: Ball
1-0: Called Strike
1-1: Ball
2-1: SINGLE (Groundball, 56D)
Batting: SHB Leonard O'Connor 0-0: Called Strike
0-1: Called Strike
0-2: Ball
1-2: Foul Ball, location: 2F
1-2: Ball
2-2: Foul Ball, location: 2F
2-2: Ball
3-2: Foul Ball, location: 2F
3-2: Base on Balls
Chriss Mann to second
Pitching: RHP Craig Gasnier
Batting: LHB Luis Rodríguez 0-0: Ball
1-0: Fielders Choice at 2nd, 1-6 (Groundball, 13S)
Chriss Mann to third
Batting: RHB Joey Jones 0-0: Ball
1-0: Ball
2-0: Fly out, F9 (Flyball, 89S)
Top of the 7th over - 0 run(s), 1 hit(s), 0 error(s), 2 left on base; Richardson City 3 - Phoenix 5
BOTTOM OF THE 7TH
Phoenix Hotspur batting - Pitching for Richardson City Thundercats : RHP Josef van der Poel
Batting: LHB Ken Norman 0-0: Foul Ball, location: 2F
0-1: Swinging Strike
0-2: Strikes out swinging
Batting: SHB Dave Orchard 0-0: Ball
1-0: Called Strike
1-1: SINGLE (Line Drive, 4MD)
Batting: RHB Keith Burnett 0-0: Ball
Pickoff Throw to First - Error! E1
Dave Orchard to second
1-0: Intentional Walk
Batting: LHB Clark Espinosa 0-0: Grounds into double play, U4-3 (Groundball, 4)
Bottom of the 7th over - 0 run(s), 1 hit(s), 1 error(s), 1 left on base; Richardson City 3 - Phoenix 5
TOP OF THE 8TH
Richardson City Thundercats batting - Pitching for Phoenix Hotspur : RHP Craig Gasnier
Batting: RHB Nate Cates 0-0: Called Strike
0-1: Called Strike
0-2: Ball
1-2: Strikes out looking
Batting: RHB Alden Wiley 0-0: Swinging Strike
0-1: Called Strike
0-2: Ground out 1-3 (Groundball, 23)
Batting: RHB Steve Dunn 0-0: Fly out, F3 (Line Drive, 34)
Top of the 8th over - 0 run(s), 0 hit(s), 0 error(s), 0 left on base; Richardson City 3 - Phoenix 5
BOTTOM OF THE 8TH
Phoenix Hotspur batting - Pitching for Richardson City Thundercats : RHP Josef van der Poel
Batting: RHB Juan Aguirre 0-0: Foul Ball, location: 2F
0-1: Fly out, F6 (Line Drive, 6)
Batting: RHB Chet Nix 0-0: Ball
1-0: Ball
2-0: Foul Ball, location: 2F
2-1: SINGLE (Flyball, 8RS)
Batting: RHB John Moore 0-0: Called Strike
0-1: Reached on error, E6 (Groundball, 6M)
Chet Nix to second
Batting: RHB Raúl González 0-0: Ball
1-0: Foul Ball, location: 2F
1-1: Grounds into double play, 5-4-3 (Groundball, 5)
Bottom of the 8th over - 0 run(s), 1 hit(s), 1 error(s), 1 left on base; Richardson City 3 - Phoenix 5
TOP OF THE 9TH
Richardson City Thundercats batting - Pitching for Phoenix Hotspur : RHP Craig Gasnier
Pitching: RHP Jesús Olvero
Batting: LHB Sébastien Rolland 0-0: SINGLE (Groundball, 5D)
Batting: RHB Andrew Weeks 0-0: Swinging Strike
0-1: Fielders Choice at 2nd, 4-6 (Groundball, 4M)
Batting: RHB Chriss Mann 0-0: Ball
1-0: Called Strike
1-1: Ball
2-1: Ball
3-1: Base on Balls
Andrew Weeks to second
Batting: SHB Leonard O'Connor 0-0: Foul Ball, location: 2F
0-1: Ball
1-1: Foul Ball, location: 2F
1-2: Foul Ball, location: 2F
1-2: Foul Ball, location: 2F
1-2: Ball
2-2: Fly out, F7 (Flyball, 7D)
Runner from 2nd tags up, SAFE at 3rd, no throw
Batting: LHB Luis Rodríguez 0-0: Ball
1-0: Ball
2-0: Ball
3-0: Called Strike
3-1: Base on Balls
Chriss Mann to second
Batting: RHB Joey Jones 0-0: Ball
1-0: Foul Ball, location: 2F
1-1: Swinging Strike
1-2: Strikes out looking
Top of the 9th over - 0 run(s), 1 hit(s), 0 error(s), 3 left on base; Richardson City 3 - Phoenix 5
This league is powered by Out of the Park Baseball, the baseball management simulation game for PC, Mac and Linux
Friday, April 15th, 2016 - OOTP Baseball 16.9 Build 39